 Dungeon Crawl Stone Soup version 0.19-a0-36-g4a0968a (webtiles) character file.

88 protoss039 the Twirler (level 4, -3/33 HPs)
             Began as a Mummy Gladiator on May 4, 2016.
             Slain by an ogre
             ... wielding a cursed +0 giant club
              (17 damage)
             ... on level 3 of the Dungeon.
             The game lasted 00:10:42 (2185 turns).

protoss039 the Twirler (Mummy Gladiator)            Turns: 2185, Time: 00:10:43

Health: -3/33      AC:  8    Str: 19    XL:     4   Next: 30%
Magic:  4/4        EV: 10    Int:  7    God:
Gold:   103        SH:  0    Dex: 12    Spells: 0 memorised, 3 levels left

rFire  x . .     SeeInvis .     a - +0 quarterstaff
rCold  + . .     Gourm    .     e - +0 scale mail
rNeg   + + +     Faith    .     (shield currently unavailable)
rPois  ∞         Spirit   .     c - +0 helmet
rElec  .         Dismiss  +     (no cloak)
rCorr  .         Reflect  .     v - +0 pair of gloves (curse)
SustAt +         Harm     .     (no boots)
MR     .....                    g - amulet of dismissal
Stlth  ..........               (no ring)
                                f - ring of sustain attributes

@: not resistant to hostile enchantments, extremely unstealthy
A: no food or potions, fire vulnerability, cold resistance 1, negative energy
resistance 3, torment resistance, unbreathing
a: no special abilities


You were on level 3 of the Dungeon.
You were not hungry.

You visited 1 branch of the dungeon, and saw 3 of its levels.

You collected 103 gold pieces.

Inventory:

Hand Weapons
 a - a +0 quarterstaff (weapon)
 t - a +0 club
Missiles
 d - 2 throwing nets (quivered)
Armour
 c - a +0 helmet (worn)
 e - a +0 scale mail (worn)
 v - a cursed +0 pair of gloves (worn)
Jewellery
 f - a ring of sustain attributes (left hand)
 g - an amulet of dismissal (around neck)
 l - an uncursed ring of flight {unknown}
Scrolls
 h - a scroll of enchant armour {unknown}
 p - a scroll of identify
 q - 2 scrolls of remove curse
 u - 2 scrolls of teleportation
Potions
 i - 3 potions of heal wounds
 j - a potion of curing {unknown}
 k - a potion of might {unknown}
 n - a potion of flight {unknown}
 r - a potion of brilliance {unknown}
 s - a potion of degeneration {unknown}
Comestibles
 b - a royal jelly
 m - 2 beef jerkies
 o - 2 chunks of flesh


   Skills:
 + Level 2.2 Fighting
 + Level 3.3 Staves
 + Level 1.9 Throwing
 + Level 0.5 Armour
 + Level 3.0 Dodging


You had 3 spell levels left.
You didn't know any spells.

Dungeon Overview and Level Annotations

Branches:
Dungeon (3/15)

Altars:
Nemelex Xobeh


Innate Abilities, Weirdness & Mutations

You do not eat or drink.
Your flesh is vulnerable to fire.
You are immune to poison.
Your flesh is cold resistant.
You are immune to negative energy.
You are immune to unholy pain and torment.
You can survive without breathing.


Message History

You kill the hobgoblin!
You see here a hobgoblin corpse.
You butcher the hobgoblin corpse.
o - 2 chunks of flesh (gained 1)
There are no items here.
A hobgoblin comes into view. It is wielding a club.
Found a club.
You closely miss the hobgoblin. The hobgoblin barely misses you.
You hit the hobgoblin.
You kill the hobgoblin!
An ogre comes into view. It is wielding a giant club.
You see here a club.
You see here a scroll of remove curse.
q - 2 scrolls of remove curse (gained 1)
You completely miss the ogre. The ogre barely misses you.
You closely miss the ogre. The ogre hits you with a giant club!!
Ouch! That really hurt!
You closely miss the ogre. The ogre hits you with a giant club!
Ouch! That really hurt!
You die...

............ ...
......#.#.#....
######.###.#.#.#....
.####....).#............
........................
.##.#.#.................
# #.##.#.##........#
#<##..)##.O..#.#.#
#.####....@..# #
#....(.........#
#.####.#.##..### ....
...... ..#
....#.#.###.#.... #.....
.#. #.#...## #..... .#
... #..?.. .# ..##
#..... ..


You could see an ogre.

Vanquished Creatures
  A gnoll (D:1)
  2 adders (D:2)
  An ooze (D:1)
  A worm (D:2)
  A dart slug (D:1)
  A giant gecko (D:1)
  6 bats
  2 giant cockroaches (D:1)
  7 goblins
  5 hobgoblins
  A quokka (D:2)
  A ball python (D:2)
  6 giant newts (D:2)
  6 kobolds
  9 rats
50 creatures vanquished.

Notes
Turn   | Place    | Note
--------------------------------------------------------------
     0 | D:1      | protoss039 the Mummy Gladiator began the quest for the Orb.
     0 | D:1      | Reached XP level 1. HP: 16/16 MP: 1/1
   478 | D:1      | Reached XP level 2. HP: 22/22 MP: 2/2
   720 | D:1      | Reached XP level 3. HP: 13/27 MP: 3/3
  1171 | D:1      | Found a sparkling altar of Nemelex Xobeh.
  1380 | D:2      | Reached XP level 4. HP: 24/33 MP: 4/4
  2095 | D:2      | You fall through a shaft!
  2169 | D:3      | Noticed an ogre
  2185 | D:3      | Slain by an ogre

Vault maps used:
D:1:      dpeg_arrival_round_a, nemelex_diamond_rough_becter
D:2:      minmay_newt_pond
D:3:      first_bread, uniq_robin

Skill      XL: |  1  2  3 |
---------------+----------+-----
Staves         | 3 |  3.3
Dodging        | 3 |  3.0
Fighting       | |  2.2
Throwing       | |  1.9
Armour         | |  0.5

Action                   |  1- 3 |  4- 6 || total
-------------------------+-------+-------++-------
Melee: Quarterstaff      |   104 |    50 ||   154
Throw: Throwing net      |     1 |       ||     1
  Use: Scroll            |     1 |     2 ||     3
Armor: Skin              |     6 |       ||     6
       Scale mail        |    41 |    25 ||    66
Dodge: Dodged            |    74 |    25 ||    99
